 Dungeon Crawl Stone Soup version 0.25-a0-105-g2289b3b9f1 (console) character file.

Game seed: 12122446117489208323, levelgen mode: deterministic

1288 Kagalorn the Chiller (level 8, -2/58 HPs)
             Began as a Gnoll Ice Elementalist on Nov 16, 2019.
             Was a Follower of Ashenzari.
             Slain by Menkaure (14 damage)
             ... on level 5 of the Dungeon.
             The game lasted 00:17:54 (4366 turns).

Kagalorn the Chiller (Gnoll Ice Elementalist)       Turns: 4366, Time: 00:17:54

Health: -2/58      AC:  6    Str: 11    XL:     8   Next: 55%
Magic:  17/17      EV: 13    Int: 18    God:    Ashenzari [*.....]
Gold:   114        SH:  7    Dex: 17    Spells: 18/19 levels left

rFire    . . .     SeeInvis .   t - -2 morningstar (curse)
rCold    . . .     Gourm    .   b - +2 buckler
rNeg     . . .     Faith    .   y - +0 ring mail
rPois    .         Spirit   .   i - +0 helmet
rElec    .         Reflect  .   (no cloak)
rCorr    .         Harm     .   (no gloves)
MR       .....                  (no boots)
Stlth    +++.......             s - amulet of regeneration (curse)
HPRegen  0.59/turn              (no ring)
MPRegen  0.15/turn              (no ring)

@: no status effects
A: distributed training, fangs 1, strong nose
a: Curse Item, Scrying, Renounce Religion


You were on level 5 of the Dungeon.
You worshipped Ashenzari.
Ashenzari was aware of your devotion.
You were not hungry.

You visited 1 branch of the dungeon, and saw 5 of its levels.

You collected 310 gold pieces.
You spent 196 gold pieces at shops.

Inventory:

Hand Weapons
 l - a +0 dagger
 o - a +0 short sword
 t - a cursed -2 morningstar (weapon)
Missiles
 e - 53 arrows
 f - 208 stones
 r - 59 poisoned darts (quivered)
 z - 11 bolts
 E - 54 sling bullets
Armour
 a - a +0 robe
 b - a +2 buckler (worn)
 i - a +0 helmet (worn)
 y - a +0 ring mail (worn)
Magical Staves
 A - an uncursed staff of conjuration
Jewellery
 s - a cursed amulet of regeneration (around neck)
Wands
 B - a wand of iceblast (6)
Scrolls
 d - 2 scrolls of magic mapping {unknown}
 g - a scroll of enchant weapon {unknown}
 h - 2 scrolls of fear
 k - 3 scrolls of remove curse
 v - a scroll of amnesia
 D - 2 scrolls of fog
Potions
 m - a potion of cancellation
 n - 2 potions of resistance
 p - 7 potions of curing
 q - a potion of magic
 u - a potion of lignification
 w - a potion of ambrosia
 x - a potion of invisibility
 C - 2 potions of might
 F - a potion of brilliance
 G - 2 potions of agility
 H - a potion of flight
Comestibles
 c - 8 rations
 j - 2 chunks of flesh


   Skills:
 + Level 3.3 Fighting
 + Level 3.3 Short Blades
 + Level 3.3 Long Blades
 + Level 3.3 Axes
 + Level 3.3 Maces & Flails
 + Level 3.3 Polearms
 + Level 3.3 Staves
 + Level 3.3 Slings
 + Level 3.3 Bows
 + Level 3.3 Crossbows
 + Level 3.3 Throwing
 + Level 3.3 Armour
 + Level 5.7 Dodging
 + Level 5.4 Stealth
 + Level 3.3 Shields
 + Level 3.3 Unarmed Combat
 + Level 6.0 Spellcasting
 + Level 3.5 Conjurations
 + Level 2.7 Hexes
 + Level 2.7 Charms
 + Level 2.7 Summonings
 + Level 2.7 Necromancy
 + Level 2.7 Translocations
 + Level 2.7 Transmutations
 + Level 2.7 Fire Magic
 + Level 6.1 Ice Magic
 + Level 2.7 Air Magic
 + Level 2.7 Earth Magic
 + Level 2.7 Poison Magic
 + Level 3.6 Invocations
 + Level 3.3 Evocations


You had 18 spell levels left.
You knew the following spells:

 Your Spells              Type           Power        Failure   Level  Hunger
a - Freeze                Ice            ####         2%          1    None

Your spell library contained the following spells:

 Spells                   Type           Power        Failure   Level  Hunger
 Throw Frost              Conj/Ice       ###...       6%          2    None
 Ozocubu's Armour         Chrm/Ice       ###.....     14%         3    ##.....
 Throw Icicle             Conj/Ice       ###.....     38%         4    ####...
 Summon Ice Beast         Ice/Summ       ###.....     43%         4    ####...


Dungeon Overview and Level Annotations

Branches:
Dungeon (5/15)
 Temple: D:4-7

Altars:
Ashenzari
Cheibriados
Gozag
Trog

Shops:
D:4 !

Annotations:
D:5 Menkaure


Innate Abilities, Weirdness & Mutations

Your experience applies equally to all skills.
You have very sharp teeth.
Your uncanny sense of smell can sniff out nearby items.


Message History

You barely miss Menkaure.
Menkaure is almost destroyed.
Menkaure closely misses you.
Menkaure calls on the powers of darkness!
Your body is wracked with pain!
* * * LOW HITPOINT WARNING * * *
You hit Menkaure.
Menkaure is almost destroyed.
You block Menkaure's attack.
Your ring mail prevents you from hitting Menkaure.
Menkaure is almost destroyed.
Menkaure calls on the powers of darkness!
Your body is wracked with pain!
* * * LOW HITPOINT WARNING * * *
Menkaure grins.
Menkaure hits you but does no damage.
You barely miss Menkaure.
Menkaure is almost destroyed.
You block Menkaure's attack. Menkaure hits you!
You die...

......# #..# ......#
#..#### ......#
#..#..# #.....#
#######....##
##....##
###.........##
#.....###..###...####
##.......####..##
#..............#
#.#####.#####.@# #
#.#⌠≈≈#'#≈≈⌠#.M# #
#.#≈≈≈≈≈≈≈≈≈#..# #
#.#≈≈≈###≈≈≈#..#
###.##≈##.##≈##..#
.##..#≈#._.#≈#....
..#.##≈##.##≈##.#.
....#≈≈≈#†#≈≈≈#. .
###.#≈≈≈≈≈≈≈≈≈#


You could see Menkaure.

Vanquished Creatures
  Sigmund (D:5)
  Eustachio (D:5)
  3 ogres
  A centaur (D:3)
  A bullfrog (D:4)
  2 scorpions
  A howler monkey (D:5)
  A crimson imp (D:5)
  2 orc priests
  3 orc wizards
  An iguana (D:5)
  3 worker ants (D:4)
  A hound skeleton (D:5)
  3 gnolls (D:4)
  4 adders
  4 worms
  4 dart slugs
  4 leopard geckos
  12 orcs
  2 ball pythons (D:1)
  13 bats
  5 giant cockroaches
  6 goblins
  7 hobgoblins
  15 kobolds
  A quokka (D:4)
  3 frilled lizards
  A leopard gecko skeleton (D:4)
  A quokka skeleton (D:5)
  8 rats
114 creatures vanquished.

Notes
Turn   | Place    | Note
-------+----------+-------------------------------------------
     0 | D:1      | Kagalorn the Gnoll Ice Elementalist began the quest for the
                  | Orb.
     0 | D:1      | Reached XP level 1. HP: 13/13 MP: 6/6
    64 | D:1      | Reached XP level 2. HP: 11/19 MP: 3/7
   363 | D:1      | Reached XP level 3. HP: 25/25 MP: 5/9
   384 | D:1      | Reached skill level 5 in Spellcasting
   894 | D:2      | Reached skill level 1 in Invocations
  1029 | D:2      | Reached skill level 1 in Fighting
  1029 | D:2      | Reached skill level 1 in Short Blades
  1029 | D:2      | Reached skill level 1 in Long Blades
  1029 | D:2      | Reached skill level 1 in Axes
  1029 | D:2      | Reached skill level 1 in Maces & Flails
  1029 | D:2      | Reached skill level 1 in Polearms
  1029 | D:2      | Reached skill level 1 in Staves
  1029 | D:2      | Reached skill level 1 in Slings
  1029 | D:2      | Reached skill level 1 in Bows
  1029 | D:2      | Reached skill level 1 in Crossbows
  1029 | D:2      | Reached skill level 1 in Throwing
  1029 | D:2      | Reached skill level 1 in Armour
  1029 | D:2      | Reached skill level 1 in Shields
  1029 | D:2      | Reached skill level 1 in Unarmed Combat
  1029 | D:2      | Reached skill level 1 in Evocations
  1061 | D:2      | Reached XP level 4. HP: 27/32 MP: 4/11
  1257 | D:2      | Reached skill level 1 in Hexes
  1257 | D:2      | Reached skill level 1 in Charms
  1257 | D:2      | Reached skill level 1 in Summonings
  1257 | D:2      | Reached skill level 1 in Necromancy
  1257 | D:2      | Reached skill level 1 in Translocations
  1257 | D:2      | Reached skill level 1 in Transmutations
  1257 | D:2      | Reached skill level 1 in Fire Magic
  1257 | D:2      | Reached skill level 1 in Air Magic
  1257 | D:2      | Reached skill level 1 in Earth Magic
  1257 | D:2      | Reached skill level 1 in Poison Magic
  1461 | D:3      | Reached XP level 5. HP: 12/37 MP: 4/12
  1688 | D:3      | Found a shattered altar of Ashenzari.
  1785 | D:3      | Noticed a centaur
  1788 | D:3      | Became a worshipper of Ashenzari the Shackled
  2174 | D:3      | Killed a centaur
  2174 | D:3      | Reached XP level 6. HP: 21/44 MP: 8/13
  2299 | D:4      | Reached skill level 5 in Dodging
  2327 | D:4      | Found a bloodstained altar of Trog.
  2594 | D:4      | Reached XP level 7. HP: 32/50 MP: 10/15
  2632 | D:4      | Reached * piety under Ashenzari
  2674 | D:4      | Found Meoneaj's Distillery.
  2716 | D:4      | Bought a potion of brilliance for 56 gold pieces
  2716 | D:4      | Bought a potion of agility for 56 gold pieces
  2716 | D:4      | Bought a potion of curing for 42 gold pieces
  2716 | D:4      | Bought a potion of flight for 42 gold pieces
  3175 | D:5      | Entered Level 5 of the Dungeon
  3363 | D:5      | Noticed Menkaure
  3395 | D:5      | Noticed Eustachio
  3407 | D:5      | Killed Eustachio
  3407 | D:5      | Reached skill level 5 in Stealth
  3422 | D:5      | Found an opulent altar of Gozag.
  3477 | D:5      | Reached XP level 8. HP: 57/57 MP: 14/16
  3853 | D:5      | Noticed Sigmund
  4143 | D:5      | Killed Sigmund
  4276 | D:5      | Found a snail-covered altar of Cheibriados.
  4366 | D:5      | Slain by Menkaure

Levels and vault maps discovered:
D:1:      dpeg_arrival_arbitrary_b, layout_basic, chequers_serial_rivers_large_a
D:2:      minmay_general_purpose_star, layout_basic
D:3:      layout_loops_ring, nicolae_ashenzari_panopticon
D:4:      minmay_wonky_spiral, layout_basic, lightli_temple_of_fire,
          serial_shops, nicolae_shop_waterfront,
          eino_small_chamber_without_monster, minmay_goblin_kobold_house
D:5:      layout_layer_cave, cheibrodos_worm_habitat, first_ration,
          grunt_gozag_breadcrumbs, uniq_duvessa, uniq_eustachio, uniq_menkaure,
          uniq_sigmund

Skill      XL: |  1  2  3  4  5  6  7  8 |
---------------+-------------------------+-----
Conjurations   | 2 3 |  3.5
Spellcasting   | 5 6 |  6.0
Invocations    | 1 2 3 |  3.6
Fighting       | 1 2 3 |  3.3
Short Blades   | 1 2 3 |  3.3
Long Blades    | 1 2 3 |  3.3
Axes           | 1 2 3 |  3.3
Maces & Flails | 1 2 3 |  3.3
Polearms       | 1 2 3 |  3.3
Staves         | 1 2 3 |  3.3
Slings         | 1 2 3 |  3.3
Bows           | 1 2 3 |  3.3
Crossbows      | 1 2 3 |  3.3
Throwing       | 1 2 3 |  3.3
Armour         | 1 2 3 |  3.3
Shields        | 1 2 3 |  3.3
Unarmed Combat | 1 2 3 |  3.3
Evocations     | 1 2 3 |  3.3
Hexes          | 1 2 |  2.7
Charms         | 1 2 |  2.7
Summonings     | 1 2 |  2.7
Necromancy     | 1 2 |  2.7
Translocations | 1 2 |  2.7
Transmutations | 1 2 |  2.7
Fire Magic     | 1 2 |  2.7
Air Magic      | 1 2 |  2.7
Earth Magic    | 1 2 |  2.7
Poison Magic   | 1 2 |  2.7
Dodging        | 5 |  5.7
Stealth        | 5 |  5.4
Ice Magic      | 6 |  6.1

Action                   |  1- 3 |  4- 6 |  7- 9 || total
-------------------------+-------+-------+-------++-------
Melee: Unarmed           |     1 |       |       ||     1
       Dagger            |    10 |    11 |       ||    21
       Bite              |       |     6 |     8 ||    14
       Morningstar       |       |    38 |    60 ||    98
Throw: Dart              |       |       |     8 ||     8
 Cast: Freeze            |    50 |    73 |    73 ||   196
Invok: Curse Item        |       |     1 |       ||     1
  Use: Scroll            |       |       |    12 ||    12
 Stab: Sleeping          |     1 |     6 |     2 ||     9
  Eat: Chunk             |       |     5 |     2 ||     7
       Ration            |       |       |     1 ||     1
Armor: Robe              |     9 |    19 |    16 ||    44
       Ring mail         |       |       |     2 ||     2
Dodge: Dodged            |    45 |    83 |   107 ||   235
Block: Buckler           |       |       |    38 ||    38

Table legend:
 A = Non-vault XP
 B = Vault XP
 C = Vault XP percentage of total XP
 D = Non-vault monster count
 E = Vault monster count
 F = Vault count percentage of total count
                 A         B        C        D         E       F
            +---------+---------+-------+---------+---------+-------
      Total |    1371 |     469 |  25.5 |     103 |      11 |   9.6
            +---------+---------+-------+---------+---------+-------
        D:1 |      48 |       0 |   0.0 |      27 |       0 |   0.0
        D:2 |      80 |       8 |   9.1 |      22 |       3 |  12.0
        D:3 |     199 |       0 |   0.0 |      23 |       0 |   0.0
        D:4 |     494 |      39 |   7.3 |      21 |       5 |  19.2
        D:5 |     550 |     422 |  43.4 |      10 |       3 |  23.1
            +---------+---------+-------+---------+---------+-------
